 Dungeon Crawl Stone Soup version 0.31-a0-1388-g4b2ba238e7 (webtiles) character file.

Game seed: 17011137845414509227

61 MisterAzrael the Chopper (level 4, -1/39 HPs)
             Began as a Hill Orc Fighter on Dec 24, 2023.
             Was a Believer of Uskayaw.
             Succumbed to petzl's ghost's poison
             ... on level 3 of the Dungeon.
             The game lasted 00:02:50 (2368 turns).

MisterAzrael the Chopper (Hill Orc Fighter)         Turns: 2368, Time: 00:02:50

Health: -1/39      AC:  6    Str: 20    XL:     4   Next: 7%
Magic:  4/4        EV:  9    Int:  8    God:    Uskayaw [**....]
Gold:   170        SH:  0    Dex: 10    Spells: 3/3 levels left

rFire   . . .        a - +0 war axe
rCold   . . .        j - orb {light}
rNeg    . . .        b - +0 scale mail
rPois   .            (no helmet)
rElec   .            (no cloak)
rCorr   .            (no gloves)
SInv    .            (no boots)
Will    .....        (no amulet) Stlth
                     (no ring)
HPRegen 0.26/turn    (no ring)
MPRegen 0.09/turn

%: no passive effects
@: lethally poisoned (-1 -> -23), glowing
A: no striking features
a: Renounce Religion, Stomp, Line Pass


You were on level 3 of the Dungeon.
You worshipped Uskayaw.
Uskayaw was noncommittal.
You visited 1 branch of the dungeon, and saw 3 of its levels.

You collected 170 gold pieces.

Inventory:

Hand Weapons
 a - a +0 war axe (weapon)
Armour
 b - a +0 scale mail (worn)
 c - a +0 buckler
 j - an orb of light (worn)
Scrolls
 e - 5 scrolls of noise {unknown}
 f - a scroll of fear {unknown}
 g - a scroll of poison {unknown}
 h - 2 scrolls of teleportation {unknown}
 k - a scroll of enchant armour {unknown}
 l - a scroll of revelation {unknown}
 m - 3 scrolls of blinking {unknown}
 o - a scroll of identify {unknown}
 q - a scroll of torment {unknown}
Potions
 d - a potion of might
 i - a potion of magic {unknown}
 n - a potion of curing {unknown}
 p - a potion of heal wounds {unknown}
 r - 2 potions of haste {unknown}


   Skills:
 - Level 3.6 Fighting
 + Level 5.6 Axes
 - Level 3.2 Armour
 - Level 3.2 Shields


You had 3 spell levels left.
You didn't know any spells.
Your spell library was empty.

Dungeon Overview and Level Annotations

Branches:
Dungeon (3/15)

Altars:
Uskayaw

Shops:
D:1 [

Annotations:
D:3 petzl's ghost, amateur FoDe


Message History

Key pressed, stopping explore.
No target in view!
Petzl's ghost turns its malevolent gaze towards you.
Petzl's ghost keens inconsolably.
No reachable target in view!
No reachable target in view!
No reachable target in view!
You open the door. You hit petzl's ghost.
Petzl's ghost is lightly damaged.
Petzl's ghost wails, "There is no future for me!"
Petzl's ghost hits you.
You are poisoned.
You slash petzl's ghost!
Petzl's ghost is lightly damaged.
You feel very sick.
Petzl's ghost gestures at you while chanting.
The zap hits you!
You hit petzl's ghost but do no damage.
Petzl's ghost is lightly damaged.
You feel sick. Petzl's ghost closely misses you.
Petzl's ghost barely misses you.
You slash petzl's ghost!
Petzl's ghost is heavily damaged.
You feel sick.
Petzl's ghost hits you but does no damage.
You can now pass through a line of other dancers.
You slash petzl's ghost!
Petzl's ghost is severely damaged.
You feel sick.
Petzl's ghost points at you and mumbles some strange words.
The zap hits you.
You barely miss petzl's ghost.
Petzl's ghost is severely damaged.
You feel sick. Petzl's ghost hits you!
* * * LOW HITPOINT WARNING * * *
You are lethally poisoned!
You hit petzl's ghost but do no damage.
Petzl's ghost is severely damaged.
You die...

..........#
#.###############.##
..........#
#.##~#.............#
.##.......#
#.##$###############
.##.......# #.##~#
.###'###### #..#~#
## #.# ##.#~## #.#
#.#S### #.# #.#W#.#
##'#########..@..#
#............#.#.#
#....#########...#
#....# #.### #....#
#.# ###### #.#
#######.# #...(##.#
#....##.#


You could see petzl's ghost and an adder.

Vanquished Creatures
  An adder (D:2)
  2 worms
  A dart slug (D:3)
  6 bats
  An endoplasm (D:1)
  3 giant cockroaches
  6 goblins
  3 hobgoblins (D:2)
  A quokka (D:2)
  4 ball pythons
  3 frilled lizards
  10 kobolds
  4 rats
45 creatures vanquished.

Notes
Turn   | Place    | Note
-------+----------+-------------------------------------------
     0 | D:1      | MisterAzrael the Hill Orc Fighter began the quest for the
                  | Orb.
     0 | D:1      | Reached XP level 1. HP: 19/19 MP: 1/1
    19 | D:1      | Reached skill level 3 in Axes
    78 | D:1      | Reached XP level 2. HP: 14/26 MP: 2/2
   156 | D:1      | Reached skill level 4 in Axes
   627 | D:1      | Found Qima's Antique Armour Emporium.
   840 | D:2      | Reached XP level 3. HP: 31/31 MP: 3/3
   999 | D:2      | Found a faded altar of an unknown god.
  1020 | D:2      | Prayed at the altar of an unknown god.
  1020 | D:2      | Became a worshipper of Uskayaw the Reveller
  1020 | D:2      | Reached * piety under Uskayaw
  1033 | D:2      | Reached ** piety under Uskayaw
  1036 | D:2      | Reached *** piety under Uskayaw
  1037 | D:2      | Reached skill level 5 in Axes
  1288 | D:3      | Found a runed translucent door.
  1295 | D:3      | Noticed petzl's ghost (amateur FoDe)
  1621 | D:3      | Reached XP level 4. HP: 36/39 MP: 4/4
  2368 | D:3      | Succumbed to petzl's ghost's poison

Illustrated notes

Levels and vault maps discovered:
D:1:      lightli_arrival_statuegarden, layout_basic, serial_shops, shop
D:2:      layout_basic, basic_ecumenical_altar
D:3:      layout_basic, ebering_ghost_sewer_d, grunt_ministairs_6

Skill      XL: |  1  2  3 |
---------------+----------+-----
Axes           | 3 4 5 |  5.6
Fighting       | |  3.6
Armour         | |  3.2
Shields        | |  3.2

Action                     |  1- 3 |  4- 6 || total
---------------------------+-------+-------++-------
  Melee: War axe           |    97 |    15 ||   112
   Stab: Paralysed         |     1 |       ||     1
 Armour: Scale mail        |    71 |    10 ||    81
  Dodge: Dodged            |    43 |     3 ||    46
  Block: Buckler           |     9 |       ||     9

Table legend: (Time is in decaauts)
 A = Elapsed time spent in this place.
 B = Non-inter-level travel time spent in this place.
 C = Inter-level travel time spent in this place.
 D = Time resting spent in this place.
 E = Time spent auto-exploring this place.
 F = Levels seen in this place.
 G = Mean time per level.
                   A        B        C        D        E       F      G
               +--------+--------+--------+--------+--------+-----+--------+
         Total |   2398 |   2359 |     39 |      0 |   2018 |   3 |  799.3 |
       Dungeon |   2398 |   2359 |     39 |      0 |   2018 |   3 |  799.3 |
               +--------+--------+--------+--------+--------+-----+--------+

Top non-repeatable levels by time:
     D:3: 1126 daAuts
     D:1: 784 daAuts
     D:2: 487 daAuts
